 Dungeon Crawl Stone Soup version 0.29-a0-330-g52719c12eb (webtiles) character file.

Game seed: 17035784846264154665

62318 Crownlay the Earth Mage (level 15, -2/94 HPs)
             Began as a Gargoyle Earth Elementalist on May 4, 2022.
             Was an Elder of Vehumet.
             Killed from afar by Frances (25 damage)
             ... with an iron shot
             ... on level 13 of the Dungeon.
             The game lasted 01:18:03 (28486 turns).

Crownlay the Earth Mage (GrEE)                     Turns: 28486, Time: 01:18:03

Health: -2/94      AC: 21    Str: 21    XL:     15   Next: 5%
Magic:  3/33       EV: 11    Int: 26    God:    Vehumet [****..]
Gold:   798        SH:  5    Dex:  6    Spells: 21/42 levels left

rFire   . . .      SeeInvis +   f - +8 hunting sling "Kilesax" {vorpal, Will+++ Str+2 Int+4 Dex-4}
rCold   + . .      Faith    .   (no shield)
rNeg    + + .      Spirit   .   K - +2 robe {rC+}
rPois   ∞          Reflect  +   c - +0 helmet {SInv}
rElec   +          Harm     .   O - +2 cloak
rCorr   .          Rampage  .   I - +0 pair of gloves
Will    ++++.                   (no boots)
Stlth   +.........              L - amulet of reflection
HPRegen 0.25/turn               Q - ring of positive energy
MPRegen 0.23/turn               s - +6 ring of strength

@: flying
A: sickness immunity, AC +11, big wings, negative energy resistance 1,
electricity resistance, torment resistance 1, petrification resistance
a: Renounce Religion


You were on level 13 of the Dungeon.
You worshipped Vehumet.
Vehumet was greatly pleased with you.
You visited 4 branches of the dungeon, and saw 21 of its levels.
You also visited: Volcano.

You collected 1155 gold pieces.
You spent 357 gold pieces at shops.

Inventory:

Hand Weapons
 f - the +8 hunting sling "Kilesax" (weapon) {vorpal, Will+++ Str+2 Int+4 Dex-4}
   (You took it off a gnoll on level 5 of the Dungeon)

   Any ammunition fired from it inflicts extra damage upon your enemies.
   Str:       It affects your strength (+2).
   Int:       It affects your intelligence (+4).
   Dex:       It affects your dexterity (-4).
   Will:      It greatly increases your willpower.
 H - the +2 quarterstaff "Biff" {vorpal, Drain rF++ rC+++ rCorr}
   (You found it on level 6 of the Lair of Beasts)

   It inflicts extra damage upon your enemies.
   rF:        It greatly protects you from fire.
   rC:        It renders you almost immune to cold.
   rCorr:     It protects you from acid and corrosion.
   Drain:     It drains your maximum health when unequipped.
 T - the +6 mace of Joyful Slaughter {protect, rN++}
   (You found it on level 4 of the Lair of Beasts)

   It grants its wielder temporary protection when it strikes (+7 to AC).
   rN:        It greatly protects you from negative energy.
Missiles
 a - 63 stones
 P - a throwing net
Armour
 c - a +0 helmet of see invisible (worn)
 w - a +2 plate armour of fire resistance
 B - a +0 hat of willpower
 I - a +0 pair of gloves (worn)
 K - a +2 robe of cold resistance (worn)
 O - a +2 cloak (worn)
Magical Staves
 t - a staff of earth
Jewellery
 s - a +6 ring of strength (right hand)
 J - a ring of ice
 L - an amulet of reflection (around neck)
 Q - a ring of positive energy (left hand)
Wands
 k - a wand of polymorph (4)
 m - a wand of mindburst (11)
 C - a wand of flame (7)
 D - a wand of iceblast (5)
 F - a wand of paralysis (2)
 S - a wand of charming (10)
Scrolls
 d - 7 scrolls of identify
 h - 4 scrolls of amnesia
 p - 3 scrolls of blinking
 q - a scroll of holy word
 r - a scroll of magic mapping
 u - 3 scrolls of fear
 y - 2 scrolls of fog
 E - 7 scrolls of teleportation
 M - a scroll of summoning
 N - 4 scrolls of enchant armour
 U - 2 scrolls of enchant weapon
Potions
 e - 4 potions of resistance
 g - 6 potions of haste
 i - 6 potions of attraction
 j - 3 potions of heal wounds
 l - 4 potions of ambrosia
 n - 2 potions of flight
 o - 8 potions of curing
 v - 4 potions of mutation
 x - 3 potions of berserk rage
 z - 2 potions of invisibility
 A - a potion of brilliance
 G - 4 potions of might
 R - a potion of cancellation


   Skills:
 + Level 11.0 Fighting
 - Level 3.0 Slings
 + Level 3.6 Armour
 - Level 1.5 Dodging
 - Level 2.1 Stealth
 + Level 14.3 Spellcasting
 - Level 10.0 Conjurations
 + Level 9.3 Summonings
 - Level 0.7 Transmutations
 - Level 15.0 Earth Magic


You had 21 spell levels left.
You knew the following spells:

 Your Spells              Type           Power      Damage    Failure   Level
a - Sandblast             Erth           100%       2d20      0%          1
b - Stone Arrow           Conj/Erth      100%       3d13      1%          3
c - Mephitic Cloud        Conj/Pois/Air  35%        N/A       1%          3
d - Borgnjor's Vile Clut  Necr/Erth      27%        N/A       3%          5
e - Lee's Rapid Deconstr  Erth           38%        3d20*     1%          5
f - Petrify               Tmut/Erth      56%        N/A       1%          4

Your spell library contained the following spells:

 Spells                   Type           Power      Damage    Failure   Level
 Airstrike                Air            9%         N/A       8%          4
 Magic Dart               Conj           100%       1d8       1%          1
 Call Imp                 Summ           61%        N/A       1%          2
 Passwall                 Tmut/Erth      46%        N/A       1%          2
 Dazzling Flash           Conj/Hex       88%        N/A       1%          3
 Frozen Ramparts          Ice            36%        1d5       2%          3
 Ignite Poison            Fire/Tmut/Pois 19%        N/A       2%          3
 Irradiate                Conj/Tmut      23%        3d21      2%          5
 Summon Ice Beast         Ice/Summ       43%        N/A       4%          4
 Freezing Cloud           Conj/Ice/Air   17%        6-21      6%          5
 Ice Form                 Ice/Tmut       20%        N/A       26%         4
 Alistair's Intoxication  Tmut/Pois      13%        N/A       56%         5
 Agony                    Necr           18%        N/A       63%         5
 Silence                  Hex/Air        9%         N/A       63%         5
 Eringya's Noxious Bog    Tmut/Pois      10%        N/A       65%         6
 Sublimation of Blood     Necr           Unusable   N/A       N/A         2

Dungeon Overview and Level Annotations

Branches:
Dungeon (13/15)            Temple (1/1) D:4            Lair (6/6) D:8
 Shoals (0/4) Lair:4       Spider (0/4) Lair:2        Slime (0/5) Lair:5
    Orc (1/2) D:11        Volcano (visited)
 Vaults: D:13-14

Altars:
Ashenzari
Cheibriados
Dithmenos
Elyvilon
Fedhas
Gozag
Hepliaklqana
Kikubaaqudgha
Makhleb
Nemelex Xobeh
Okawaru
Qazlal
Ru
Sif Muna
Trog
Uskayaw
Vehumet
Wu Jian
Xom
Yredelemnul
Zin
The Shining One
Beogh

Shops:
D:1 [   D:7 ((!?(

Annotations:
D:3 3 runed translucent doors, night's ghost, novice TeHu
D:6 3 runed translucent doors, Zgarb's ghost, novice TeHu
D:13 Frances
Lair:1 2 runed translucent doors, Sibufos's ghost, novice DsGl


Innate Abilities, Weirdness & Mutations

You are immune to sickness and miasma.
Your stone body is resilient. (AC +11)
You are immune to poison.
Your large and strong wings let you fly.
You resist negative energy. (rN+)
You are resistant to electric shocks. (rElec)
You are resistant to unholy torment.
You are immune to petrification.


Message History

Aiming: Lee's Rapid Deconstruction (safe; 1% risk of failure)
Press: ? - help, Dir - move target A rock wall.
The wall shatters!
The blast of rock fragments hits Frances!
Frances is heavily wounded.
The blast of rock fragments hits the ice devil.
The ice devil is heavily wounded.
The blast of rock fragments hits the rust devil!!
You kill the rust devil!
The rust devil disappears in a puff of smoke!
The zombie hands constrict Frances!
Frances whispers indecipherable words.
Casting: Lee's Rapid Deconstruction (safe; 1% risk of failure)
Confirm with . or Enter, or press ? or * to list all spells.
Aiming: Lee's Rapid Deconstruction (safe; 1% risk of failure)
Press: ? - help, Dir - move target A rock wall.
The wall shatters!
The blast of rock fragments hits Frances!!
Frances is severely wounded.
The blast of rock fragments hits the ice devil!!
You kill the ice devil!
The ice devil disappears in a puff of smoke!
The blast of rock fragments hits the red devil!!
The red devil is severely wounded.
The zombie hands constrict Frances.
Frances mutters in a terrible tongue.
The iron shot hits you!
* * * LOW HITPOINT WARNING * * *
Okay, then.
Aiming: Mindburst
Press: ? - help, Shift-Dir - straight line, f - Frances
Aim: Frances, wielding a +3 halberd and wearing a +1 ring mail of poison resistance (severely wounded, constricted by zombie hands, chance to affect: 6%)
Okay, then.
Okay, then.
The zombie hands constrict Frances!
Frances screams a word of power!
The iron shot hits you!!
You die...

..................#....##........
#########.#######.#.....#........
........#.# #.#.....#........
........#.# #>#.....##.......
........#.# #.#......#....###
........#.# #.#4.4.).####.#
........#.# #.#4.....#
........#.#######.# .3..
####'####.......@.###'####
...................@4....#+
.......########'####3........
.......'...........#.........
.......#........[..#.........
.......#...........#.....####
###....#...........')†...#
#.#....#...........####..#
#.#....#..............#..#


You could see Frances (clutched), a soul eater (summoned) and a red devil
(summoned).

Vanquished Creatures
  Gastronok (Lair:2)
  The ghost of anonymous the Warrior, a journeyman MiGl of the Shining One (Lair:6)
  A dire elephant (Lair:6)
  Fannar (D:10)
  9 hydras
  A boulder beetle (Lair:6)
  An ogre mage (Volcano)
  5 two-headed ogres
  A centaur warrior (D:13)
  A death knight (D:11)
  4 death yaks
  A spectral dire elephant (Lair:6)
  A hell knight (Volcano)
  3 skeletal warriors (D:12)
  A spectral death yak (Lair:6)
  2 deep elf pyromancers (D:12)
  5 oklob plants
  A wolf spider (D:12)
  A salamander (shapeshifter) (D:13)
  An ugly thing (D:13)
  2 cyclopes (D:12)
  Maurice (D:13)
  7 elephants
  2 black mambas
  2 molten gargoyles (Volcano)
  Joseph (D:10)
  3 rime drakes
  A dire elephant skeleton (Lair:6)
  14 cane toads
  A kobold demonologist (D:11)
  2 unseen horrors
  Psyche (D:8)
  2 torpor snails
  6 komodo dragons
  2 polar bears
  A queen bee (shapeshifter) (D:10)
  2 trolls
  2 hornets
  A troll (shapeshifter) (D:12)
  22 blink frogs
  5 dream sheep (Lair:5)
  10 slime creatures
  A spectral elephant (Lair:6)
  A jumping spider (Lair:2)
  2 vampires
  4 wraiths
  33 yaks
  6 wyverns
  6 fire bats (Volcano)
  3 basilisks
  3 vampire mosquitoes (D:12)
  A redback (Lair:2)
  A spectral cane toad (Lair:6)
  Edmund (D:6)
  3 acid dragons
  16 water moccasins
  2 ice beasts
  3 orc warriors
  3 sky beasts
  4 ogres
  4 black bears
  2 elephant zombies (Lair:6)
  3 centaurs
  An elephant skeleton (Lair:6)
  13 wolves
  A phantom (D:4)
  3 kobold brigands
  9 bullfrogs
  A necrophage (D:6)
  2 gnoll sergeants
  6 scorpions
  2 cane toad simulacra (Lair:6)
  8 wights
  14 killer bees
  4 electric eels
  5 howler monkeys
  6 lava snakes (Volcano)
  A crimson imp (D:5)
  A hound (D:6)
  4 orc priests
  A gnoll shaman (D:5)
  3 iguanas
  8 orc wizards
  5 adders
  17 gnolls
  A shadow imp (D:7)
  A white imp (D:7)
  8 worms
  A dart slug (D:2)
  28 orcs
  4 endoplasms
  6 giant cockroaches
  4 goblins
  7 hobgoblins
  11 jackals
  3 quokkas
  12 ball pythons
  7 bats
  3 frilled lizards (D:1)
  16 kobolds
  A rat (D:1)
  A butterfly (Lair:3)
463 creatures vanquished.

Vanquished Creatures (others)
  29 fungi
  64 plants
  8 toadstools (Lair:1)
  22 withered plants (Lair:6)
123 creatures vanquished.

Grand Total: 586 creatures vanquished

Notes
Turn   | Place    | Note
-------+----------+-------------------------------------------
     0 | D:1      | Crownlay the Gargoyle Earth Elementalist began the quest
                  | for the Orb.
     0 | D:1      | Reached XP level 1. HP: 10/10 MP: 3/3
   173 | D:1      | Found a faded altar of an unknown god.
   241 | D:1      | Reached XP level 2. HP: 6/15 MP: 1/5
   537 | D:1      | Found Ydwu Xet's Armour Emporium.
   585 | D:1      | Reached skill level 4 in Earth Magic
   767 | D:1      | You fall into a shaft and drop 1 floor!
   815 | D:1      | Reached XP level 3. HP: 16/19 MP: 4/7
   946 | D:1      | Learned a level 3 spell: Stone Arrow
  1483 | D:2      | Found a white marble altar of Elyvilon.
  1505 | D:2      | Reached XP level 4. HP: 19/24 MP: 9/9
  2915 | D:3      | Found a runed translucent gate.
  2916 | D:3      | Found a runed translucent gate.
  2948 | D:3      | Found a runed translucent gate.
  2948 | D:3      | Noticed night's ghost (novice TeHu)
  2951 | D:3      | Identified the +8 chain mail of Impressiveness {rPois Str+2
                  | Slay-5}
  3080 | D:3      | Noticed a scorpion
  3084 | D:3      | Killed a scorpion
  3085 | D:3      | Reached skill level 5 in Earth Magic
  3085 | D:3      | Reached XP level 5. HP: 27/28 MP: 0/11
  4843 | D:4      | Reached XP level 6. HP: 23/32 MP: 0/13
  5135 | D:4      | Reached skill level 5 in Spellcasting
  5516 | D:4      | Found a staircase to the Ecumenical Temple.
  5526 | Temple   | Entered the Ecumenical Temple
  5855 | D:5      | Entered Level 5 of the Dungeon
  5905 | D:5      | Reached skill level 6 in Earth Magic
  5905 | D:5      | Reached XP level 7. HP: 6/36 MP: 0/15
  6231 | D:5      | Found a sacrificial altar of Ru.
  6308 | D:5      | Reached skill level 7 in Earth Magic
  6308 | D:5      | Reached XP level 8. HP: 17/41 MP: 0/18
  6908 | D:5      | Identified the +8 hunting sling "Kilesax" {vorpal, Will+++
                  | Str+2 Int+4 Dex-4}
  7139 | D:5      | Found a radiant altar of Vehumet.
  7143 | D:5      | Became a worshipper of Vehumet
  7167 | D:5      | Noticed a +0 short sword
  7167 | D:5      | Noticed a +0 spear
  7168 | D:5      | Noticed a +0 spear
  7168 | D:5      | Noticed a +0 short sword
  7168 | D:5      | Noticed a +0 falchion
  7169 | D:5      | Noticed a +0 dagger
  7169 | D:5      | Noticed a +0 falchion
  7169 | D:5      | Noticed a +0 dagger
  7188 | D:5      | Found a hide-covered altar of Uskayaw.
  7304 | D:5      | Found a burning altar of Makhleb.
  7341 | D:5      | Reached skill level 8 in Earth Magic
  7789 | D:6      | Noticed Edmund
  7796 | D:6      | Killed Edmund
  8064 | D:6      | Found a runed translucent gate.
  8064 | D:6      | Found a runed translucent gate.
  8067 | D:6      | Found a runed translucent gate.
  8070 | D:6      | Noticed a wraith
  8073 | D:6      | Noticed Zgarb's ghost (novice TeHu)
  8144 | D:6      | Reached XP level 9. HP: 45/45 MP: 17/21
  8425 | D:6      | Noticed a five-headed hydra
  8431 | D:6      | Killed a five-headed hydra
  8432 | D:6      | Reached skill level 9 in Earth Magic
  8587 | D:6      | Found a glowing silver altar of Zin.
  9041 | D:7      | Found Ybbecergh's Weapon Shop.
  9092 | D:7      | Reached skill level 1 in Fighting
  9092 | D:7      | Reached skill level 10 in Spellcasting
  9092 | D:7      | Reached skill level 1 in Conjurations
  9329 | D:7      | Found an iron altar of Okawaru.
  9375 | D:7      | Reached skill level 1 in Summonings
  9498 | D:7      | Found Tefec's Antique Weapon Shoppe.
  9536 | D:7      | Found Loaluw's Distillery.
  9542 | D:7      | Bought a potion of mutation for 88 gold pieces
  9542 | D:7      | Bought a potion of invisibility for 88 gold pieces
  9542 | D:7      | Bought a potion of curing for 33 gold pieces
  9542 | D:7      | Bought a potion of degeneration for 11 gold pieces
  9542 | D:7      | Bought a potion of attraction for 33 gold pieces
  9542 | D:7      | Bought a potion of brilliance for 44 gold pieces
  9565 | D:7      | Found Edgheose's Weapon Boutique.
  9585 | D:7      | Reached * piety under Vehumet
  9585 | D:7      | Offered knowledge of Shock by Vehumet.
  9588 | D:7      | Reached XP level 10. HP: 53/53 MP: 18/24
  9775 | D:7      | Reached skill level 10 in Earth Magic
  9950 | D:7      | Found Byekk's Magic Scroll Emporium.
  9953 | D:7      | Bought a scroll of fog for 20 gold pieces
  9953 | D:7      | Bought a scroll of identify for 20 gold pieces
  9953 | D:7      | Bought a scroll of identify for 20 gold pieces
  9972 | D:8      | Noticed Psyche
  9977 | D:8      | Killed Psyche
 10114 | D:8      | Found a staircase to the Lair.
 10714 | D:9      | Reached skill level 1 in Slings
 11222 | D:9      | Offered knowledge of Foxfire by Vehumet.
 11224 | D:9      | Reached ** piety under Vehumet
 11525 | D:9      | Found a white marble altar of Elyvilon.
 11766 | D:10     | Entered Level 10 of the Dungeon
 11766 | D:10     | Noticed Joseph
 11769 | D:10     | Killed Joseph
 11939 | D:10     | Reached XP level 11. HP: 61/61 MP: 8/26
 12683 | D:10     | Learned a level 3 spell: Mephitic Cloud
 12774 | D:10     | Found a glowing golden altar of the Shining One.
 12854 | D:10     | Noticed Fannar
 12865 | D:10     | Killed Fannar
 12866 | D:10     | Reached skill level 5 in Conjurations
 13253 | D:11     | Noticed a death knight
 13260 | D:11     | Killed a death knight
 13776 | Lair:1   | Entered Level 1 of the Lair of Beasts
 13779 | Lair:1   | Offered knowledge of Scorch by Vehumet.
 14101 | Lair:1   | Reached skill level 5 in Fighting
 14226 | Lair:1   | Learned a level 5 spell: Borgnjor's Vile Clutch
 14304 | Lair:1   | Reached *** piety under Vehumet
 14797 | Lair:1   | Found a runed translucent door.
 14803 | Lair:1   | Noticed Sibufos's ghost (novice DsGl)
 14857 | Lair:1   | Noticed a lindwurm
 14857 | Lair:1   | Noticed a catoblepas
 14879 | Lair:1   | Found a runed translucent door.
 15059 | Lair:1   | Offered knowledge of Conjure Flame by Vehumet.
 15205 | Lair:1   | Reached XP level 12. HP: 70/70 MP: 15/28
 15592 | Lair:2   | Reached skill level 5 in Summonings
 15806 | Lair:2   | Found a hole to the Spider Nest.
 15811 | Lair:2   | Noticed a four-headed hydra
 15822 | Lair:2   | Killed a four-headed hydra
 16093 | Lair:2   | Reached skill level 11 in Earth Magic
 16268 | Lair:2   | Noticed Gastronok
 16281 | Lair:2   | Killed Gastronok
 16851 | Lair:3   | Noticed a four-headed hydra
 16861 | Lair:3   | Killed a four-headed hydra
 16930 | Lair:3   | Reached **** piety under Vehumet
 17189 | Lair:3   | Reached skill level 12 in Earth Magic
 17252 | Lair:3   | Offered knowledge of Lee's Rapid Deconstruction by Vehumet.
 17259 | Lair:3   | Learned a level 5 spell: Lee's Rapid Deconstruction
 17539 | Lair:3   | Reached XP level 13. HP: 78/78 MP: 20/30
 18481 | Lair:3   | Learned a level 4 spell: Petrify
 18570 | Lair:4   | Found an ancient bone altar of Kikubaaqudgha.
 18576 | Lair:4   | Reached skill level 10 in Conjurations
 18795 | Lair:4   | Identified the +6 mace of Joyful Slaughter {protect, rN++}
 18817 | Lair:4   | Found a staircase to the Shoals.
 20054 | Lair:5   | Reached ***** piety under Vehumet
 20334 | Lair:5   | Offered knowledge of Airstrike by Vehumet.
 20585 | Lair:5   | Reached skill level 13 in Earth Magic
 20824 | Lair:5   | Found a sacrificial altar of Ru.
 21632 | Lair:5   | Found a staircase to the Slime Pits.
 21801 | Lair:6   | Entered Level 6 of the Lair of Beasts
 21816 | Lair:6   | Identified the +6 mace "Dueros" {venom, Will+ Str+4}
 21908 | Lair:6   | Gained mutation: Your large and strong wings let you fly.
                  | [Gargoyle growth]
 21908 | Lair:6   | Reached XP level 14. HP: 85/86 MP: 3/31
 21944 | Lair:6   | Found a dark tunnel.
 21953 | Volcano  | Entered a volcano
 22375 | Volcano  | Reached skill level 14 in Earth Magic
 22412 | Volcano  | Found a burning altar of Makhleb.
 22977 | Lair:6   | Identified the +2 quarterstaff "Biff" {vorpal, Drain rF++
                  | rC+++ rCorr}
 23038 | Lair:6   | Found a large runed translucent door.
 23038 | Lair:6   | Found a large runed translucent door.
 23042 | Lair:6   | Noticed anonymous's ghost (journeyman MiGl)
 23093 | Lair:6   | HP: 2/87 [anonymous's ghost (4)]
 23470 | Lair:6   | Killed anonymous's ghost
 24414 | Lair:6   | Noticed a dire elephant
 24414 | Lair:6   | Noticed a dire elephant
 24415 | Lair:6   | Noticed a dire elephant
 24653 | Lair:6   | Reached skill level 10 in Fighting
 24989 | Lair:6   | Killed a dire elephant
 24990 | Lair:6   | Reached skill level 15 in Earth Magic
 25949 | D:11     | Found a staircase to the Orcish Mines.
 26387 | D:12     | Reached skill level 1 in Armour
 27642 | Orc:1    | Entered Level 1 of the Orcish Mines
 27642 | Orc:1    | Noticed an orc warlord
 28024 | D:13     | Reached XP level 15. HP: 93/93 MP: 24/33
 28347 | D:13     | Noticed Maurice
 28356 | D:13     | Killed Maurice
 28472 | D:13     | Noticed Frances
 28486 | D:13     | Killed from afar by Frances

Illustrated notes

Levels and vault maps discovered:
D:1:      minmay_arrival_three_doors, layout_rooms, serial_shops, shop,
          hellmonk_ecumenical_altar_arch_garden
D:2:      layout_basic, basic_altar
D:3:      layout_loops_corners, biasface_ghost_orc_armoury
D:4:      layout_loops_cross, minmay_temple_entry_large_hall, serial_forest,
          infiniplex_forest_end_double, infiniplex_forest_zigzag_2,
          infiniplex_forest_corner_2, infiniplex_forest_end_1,
          infiniplex_forest_straight_3, infiniplex_forest_lined_2,
          infiniplex_forest_lined_3_way, infiniplex_forest_clump_double,
          infiniplex_forest_corner_1, infiniplex_forest_straight_2,
          nicolae_underground_beach
D:5:      layout_gridville, makhleb_grotto_becter, nicolae_uskayaw_en_pointe,
          mainiacjoe_overflow_alcove_1, nicolae_ru_the_path_less_chosen
D:6:      layout_basic, zin_statuary, gammafunk_ghost_split, uniq_edmund
D:7:      layout_loops_ring, kennysheep_mini_moat, serial_shops,
          nicolae_shop_stone, nicolae_shop_trees, kennysheep_mini,
          nicolae_shop_hallway_plus, nicolae_take_the_stairs
D:8:      layout_cave_pools, lair_entry_dummy, uniq_psyche
D:9:      layout_basic, nicolae_overflow_hidden_temple
D:10:     layout_loops_corners, mainiacjoe_overflow_alcove_4, uniq_joseph,
          uniq_fannar
D:11:     layout_long_grid, orc_0_dummy
D:12:     layout_basic
D:13:     layout_irregular_city, david_vaults_1, minivault_26,
          blue_anna_alchemist, uniq_maurice, uniq_frances
Temple:   jpeg_temple_clearing
Lair:1:   gammafunk_lair_enchanted_lake, layout_regular_city,
          ebering_ghost_reflecting_pool, serial_bayou_shore_a,
          grunt_megastairs_4
Lair:2:   layout_roguey, spider_nest_entry_a, serial_bayou_shore_b,
          infiniplex_staircase_pool, uniq_gastronok
Lair:3:   layout_loops_ring, grunt_megastairs_1, lemuel_fruit_fields
Lair:4:   layout_misc_corridors, elwin_shoals_entry_rocks, serial_bayou_pond_c,
          lemuel_oklob_altar
Lair:5:   layout_small_grid, minmay_slime_entry_oklob_enclosed, basic_altar,
          serial_bayou_shore_b, grunt_megastairs_5
Lair:6:   due_jungle_book, layout_layer_cave, ebering_ghost_disaster_area,
          nicolae_volcano_entry_hallway
Orc:1:    layout_caves, uniq_nergalle

Skill      XL: |  1  2  3  4  5  6  7  8  9 10 11 12 13 14 15 |
---------------+----------------------------------------------+-----
Earth Magic    | 4 5 6 7 8 9 10 12 13 15 | 15.0
Spellcasting   | 3 4 5 6 8 10 11 12 13 14 | 14.3
Fighting       | 1 4 6 8 9 10 11 | 11.0
Conjurations   | 1 4 7 8 10 | 10.0
Summonings     | 1 3 4 6 8 9 |  9.3
Slings         | 2 3 |  3.0
Armour         | 3 |  3.6
Dodging        | |  1.5
Stealth        | |  2.1
Transmutations | |  0.7

Action                   |  1- 3 |  4- 6 |  7- 9 | 10-12 | 13-15 || total
-------------------------+-------+-------+-------+-------+-------++-------
Melee: Spear             |    86 |    66 |       |       |       ||   152
       Club              |     6 |       |       |       |       ||     6
       Scimitar          |       |       |     3 |       |       ||     3
       Hunting sling     |       |       |       |     2 |       ||     2
       Mace              |       |       |       |       |    28 ||    28
 Fire: Hunting sling     |       |       |    53 |   129 |   170 ||   352
 Cast: Sandblast         |    25 |    49 |    32 |   132 |    36 ||   274
       Stone Arrow       |       |    49 |    73 |   160 |   274 ||   556
       Borgnjor's Vile C |       |       |       |    15 |    67 ||    82
       Lee's Rapid Decon |       |       |       |       |    43 ||    43
       Petrify           |       |       |       |       |     9 ||     9
Evoke: Wand              |       |       |       |       |    22 ||    22
  Use: Scroll            |     1 |     4 |     4 |    15 |     7 ||    31
       Potion            |       |       |     1 |       |     2 ||     3
Armor: Robe              |    39 |    33 |    20 |    73 |    53 ||   218
Dodge: Dodged            |    59 |    40 |    39 |    56 |    74 ||   268
       Repelled          |       |       |       |     2 |     5 ||     7
Block: Other             |       |       |       |    19 |    30 ||    49
       Reflection        |       |       |       |       |     1 ||     1

Table legend: (Time is in decaauts)
 A = Elapsed time spent in this place.
 B = Non-inter-level travel time spent in this place.
 C = Inter-level travel time spent in this place.
 D = Time resting spent in this place.
 E = Time spent auto-exploring this place.
 F = Levels seen in this place.
 G = Mean time per level.
                   A        B        C        D        E       F      G
               +--------+--------+--------+--------+--------+-----+--------+
         Total |  28673 |  27744 |    929 |   1864 |  22071 |  22 | 1303.3 |
       Dungeon |  16650 |  15989 |    661 |    711 |  13420 |  13 | 1280.8 |
        Temple |    107 |     94 |     13 |      0 |     82 |   1 |  107.0 |
          Lair |  11124 |  10871 |    253 |   1053 |   8054 |   6 | 1854.0 |
  Orcish Mines |      1 |      1 |      0 |      0 |      0 |   1 |    1.0 |
       Volcano |    790 |    790 |      0 |    100 |    514 |   1 |  790.0 |
               +--------+--------+--------+--------+--------+-----+--------+

Top non-repeatable levels by time:
  Lair:5: 3153 daAuts
  Lair:6: 2202 daAuts
  Lair:3: 1969 daAuts
     D:5: 1833 daAuts
     D:3: 1777 daAuts
    D:10: 1767 daAuts
  Lair:1: 1707 daAuts
     D:2: 1677 daAuts
  Lair:2: 1455 daAuts
     D:1: 1279 daAuts
     D:7: 1271 daAuts
    D:12: 1217 daAuts
     D:8: 1150 daAuts
     D:6: 1033 daAuts
     D:4: 1030 daAuts
